 Dungeon Crawl Stone Soup version 0.28-a0-938-gbc3f381ebc (webtiles) character file.

Game seed: 1086544944668941408

516 bande the Covered (level 7, -2/44 HPs)
             Began as a Gargoyle Fighter on Nov 30, 2021.
             Killed by divine providence
             ... invoked by an orc priest
              (12 damage)
             ... on level 4 of the Dungeon.
             The game lasted 00:06:11 (6434 turns).

bande the Covered (Gargoyle Fighter)                Turns: 6434, Time: 00:06:11

Health: -2/44      AC: 12    Str: 20    XL:     7   Next: 20%
Magic:  7/7        EV:  9    Int:  9    God:
Gold:   187        SH:  5    Dex: 10    Spells: 6/6 levels left

rFire   . . .      SeeInvis .   a - +0 war axe
rCold   . . .      Faith    .   c - +1 buckler
rNeg    + . .      Spirit   .   b - +0 scale mail
rPois   ∞          Reflect  .   (no helmet)
rElec   +          Harm     .   (no cloak)
rCorr   .          Rampage  .   (no gloves)
Will    .....                   (no boots)
Stlth   ..........              (no amulet)
HPRegen 0.14/turn               (no ring)
MPRegen 0.10/turn               (no ring)

@: no status effects
A: sickness immunity, AC +4, negative energy resistance 1, electricity
resistance, torment resistance 1, petrification resistance
a: no special abilities


You were on level 4 of the Dungeon.
You visited 1 branch of the dungeon, and saw 4 of its levels.
You also visited: Sewer.

You collected 187 gold pieces.

Inventory:

Hand Weapons
 a - a +0 war axe (weapon)
Armour
 b - a +0 scale mail (worn)
 c - a +1 buckler (worn)
Scrolls
 g - a scroll of magic mapping {unknown}
 h - a scroll of enchant weapon {unknown}
 j - a scroll of identify
 k - a scroll of teleportation {unknown}
 m - a scroll of blinking
Potions
 d - 2 potions of might
 e - 2 potions of mutation {unknown}
 f - a potion of flight
 i - a potion of resistance {unknown}
 l - a potion of cancellation


   Skills:
 + Level 4.4 Fighting
 + Level 4.5 Axes
 + Level 5.7 Armour
 + Level 4.3 Shields


You had 6 spell levels left.
You didn't know any spells.
Your spell library contained the following spells:

 Spells                   Type           Power      Damage    Failure   Level
 Conjure Flame            Conj/Fire      0%         6-21      97%         3
 Ignite Poison            Fire/Tmut/Pois 0%         N/A       97%         3
 Sticky Flame             Conj/Fire      0%         2d3       100%        4


Dungeon Overview and Level Annotations

Branches:
Dungeon (4/15)              Sewer (visited)
 Temple: D:4-7

Altars:

Shops:
D:4 [


Innate Abilities, Weirdness & Mutations

You are immune to sickness and miasma.
Your stone body is resilient. (AC +4)
You are immune to poison.
You resist negative energy. (rN+)
You are resistant to electric shocks. (rElec)
You are resistant to unholy torment.
You are immune to petrification.


Message History

Welcome back to the Dungeon!
There is a collapsed entrance here.
You enter the shallow water.
Moving in this stuff is going to be slow.
You see here an adder skeleton.
There is an open door here.
Found a stone staircase leading down.
There is a large open door here.
There is a large open door here.
A hobgoblin comes into view.
The hobgoblin shouts!
Found an escape hatch in the floor.
You slash the hobgoblin!
You kill the hobgoblin!
No target in view!
No target in view!
No target in view!
No target in view!
No target in view!
You now have 187 gold pieces (gained 7).
An orc priest comes into view. It is wielding a +2 dagger of venom.
An orc wizard comes into view. It is wielding a +0 dagger.
The orc wizard shouts!
An orc priest comes into view. It is wielding a +0 hand axe.
The orc priest shouts!
You hear an angry hiss.
You block the orc priest's attack.
A ball python comes into view.
The orc priest calls down the wrath of Beogh upon you.
Beogh smites you! The orc wizard casts a spell at you.
The puff of flame hits you!
The orc priest calls down the wrath of Beogh upon you.
Pain shoots through your body!
The orc priest looks encouraged for a moment.
The orc priest mumbles some strange prayers to Beogh against you.
Beogh smites you!
* * * LOW HITPOINT WARNING * * *
The orc priest mumbles some strange prayers to Beogh against you.
Beogh smites you!
You die...

#..# #..#... #o.#
#####..#... #..#
#......'... #o.#
#......#... #.S#
########... #..# #...
#..# #... #So##########
#...
#.....@.....########...
#...####'###...........
#...####'###........###
#.....#....#........#
#.....#....#........###
###...#....+........+..
#...#....#........###
#...#....+......>....
###...#....###+########


You could see an orc priest and a ball python.

Vanquished Creatures
  Grinder (D:3)
  Pargi (Sewer)
  Jessica (D:3)
  Natasha (thrice) (D:2)
  A hound skeleton (D:3)
  4 adders
  A worm (D:2)
  4 dart slugs
  10 bats
  2 endoplasms
  3 giant cockroaches
  3 goblins
  8 hobgoblins
  11 kobolds
  2 quokkas
  5 ball pythons
  7 frilled lizards
  4 rats
71 creatures vanquished.

Vanquished Creatures (others)
  4 fungi (D:2)
  25 plants
29 creatures vanquished.

Grand Total: 100 creatures vanquished

Notes
Turn   | Place    | Note
-------+----------+-------------------------------------------
     0 | D:1      | bande the Gargoyle Fighter began the quest for the Orb.
     0 | D:1      | Reached XP level 1. HP: 14/14 MP: 1/1
   331 | D:1      | Reached XP level 2. HP: 13/19 MP: 2/2
   895 | D:1      | Reached XP level 3. HP: 18/24 MP: 3/3
  1782 | D:2      | Reached XP level 4. HP: 19/29 MP: 4/4
  1945 | D:2      | Found a faded altar of an unknown god.
  2016 | D:2      | Noticed Natasha
  2033 | D:2      | Killed Natasha
  2034 | D:2      | Reached skill level 4 in Armour
  2466 | D:2      | Noticed Natasha
  2480 | D:2      | Killed Natasha
  2481 | D:2      | Reached XP level 5. HP: 3/33 MP: 5/5
  3293 | D:2      | Noticed Natasha
  3302 | D:2      | Killed Natasha
  4018 | D:3      | Noticed Jessica
  4047 | D:3      | Killed Jessica
  4636 | D:3      | Noticed Grinder
  4654 | D:3      | Paralysed by Grinder for 4 turns
  4670 | D:3      | Killed Grinder
  4671 | D:3      | Reached skill level 5 in Armour
  4671 | D:3      | Reached XP level 6. HP: 3/38 MP: 6/6
  5569 | D:4      | Found Biasaofic's Antique Armour Shop.
  5638 | D:4      | Found a glowing drain.
  5652 | Sewer    | Entered a sewer
  5705 | Sewer    | Noticed Pargi
  5723 | Sewer    | Killed Pargi
  5724 | Sewer    | Reached XP level 7. HP: 16/44 MP: 7/7
  6434 | D:4      | Killed from afar by an orc priest

Illustrated notes

Levels and vault maps discovered:
D:1:      dpeg_arrival_stonehenge_8_columns, layout_basic,
          lexackson_kobold_supper
D:2:      layout_loops_ring, shapermc_ecumenical_altar_mp_ritualfount,
          uniq_natasha
D:3:      layout_basic, uniq_jessica, uniq_grinder
D:4:      layout_basic, portal_sewer_entry_d, serial_shops,
          nicolae_shop_behind_doors, serial_curves, eino_curves_03,
          eino_curves_02, skrybe_limestone_x, kennysheep_generic_room_6

Skill      XL: |  1  2  3  4  5 |
---------------+----------------+-----
Axes           | 2 3 4 |  4.5
Armour         | 4 5 |  5.7
Fighting       | 4 |  4.4
Shields        | 4 |  4.3

Action                   |  1- 3 |  4- 6 |  7- 9 || total
-------------------------+-------+-------+-------++-------
Melee: War axe           |   146 |   159 |    18 ||   323
  Use: Scroll            |     3 |     3 |       ||     6
       Potion            |       |     3 |       ||     3
Armor: Scale mail        |    97 |   110 |     7 ||   214
Dodge: Dodged            |    75 |    93 |     7 ||   175
Block: Buckler           |    34 |    45 |    14 ||    93

Table legend: (Time is in decaauts)
 A = Elapsed time spent in this place.
 B = Non-inter-level travel time spent in this place.
 C = Inter-level travel time spent in this place.
 D = Time resting spent in this place.
 E = Time spent auto-exploring this place.
 F = Levels seen in this place.
 G = Mean time per level.
                   A        B        C        D        E       F      G
               +--------+--------+--------+--------+--------+-----+--------+
         Total |   6599 |   6568 |     31 |   3378 |   2118 |   5 | 1319.8 |
       Dungeon |   5898 |   5867 |     31 |   2884 |   1986 |   4 | 1474.5 |
         Sewer |    701 |    701 |      0 |    494 |    132 |   1 |  701.0 |
               +--------+--------+--------+--------+--------+-----+--------+

Top non-repeatable levels by time:
     D:2: 2544 daAuts
     D:3: 1588 daAuts
     D:1: 1355 daAuts
   Sewer: 701 daAuts
     D:4: 410 daAuts
